 Dungeon Crawl Stone Soup version 0.19-a0-1021-g80cc50c (webtiles) character file.

3693 pisswolf the Carver (level 9, 0/61 HPs)
             Began as a Demonspawn Gladiator on July 26, 2016.
             Was a Believer of Okawaru.
             Slain by a troll (9 damage)
             ... on level 8 of the Dungeon.
             The game lasted 00:20:13 (11716 turns).

pisswolf the Carver (Demonspawn Gladiator)         Turns: 11716, Time: 00:20:15

Health: 0/61       AC: 11    Str: 17    XL:     9   Next: 90%
Magic:  11/11      EV:  8    Int:  9    God:    Okawaru [**....]
Gold:   399        SH:  0    Dex: 16    Spells: 0 memorised, 8 levels left

rFire  . . .     SeeInvis .     a - +1 long sword
rCold  . . .     Gourm    .     h - +0 chain mail
rNeg   + . .     Faith    .     (no shield)
rPois  +         Spirit   .     (no helmet)
rElec  .         Dismiss  .     u - +0 cloak {rPois}
rCorr  .         Reflect  .     w - +1 pair of gloves
SustAt .         Harm     .     (no boots)
MR     +....                    n - amulet of magic regeneration
Stlth  ..........               e - ring of positive energy
                                g - ring of protection from magic

@: somewhat resistant to hostile enchantments, extremely unstealthy
A: talons 1, demonic guardian 1, nightstalker 2
a: Heroism, Renounce Religion


You were on level 8 of the Dungeon.
You worshipped Okawaru.
Okawaru was pleased with you.
You were not hungry.

You visited 1 branch of the dungeon, and saw 8 of its levels.

You collected 503 gold pieces.
You spent 104 gold pieces at shops.

Inventory:

Hand Weapons
 a - a +1 long sword (weapon)
Missiles
 d - 4 throwing nets (quivered)
 t - 7 javelins of penetration
Armour
 b - a +0 leather armour
 c - a +0 helmet
 h - a +0 chain mail (worn)
 l - a +1 scale mail
 u - a +0 cloak of poison resistance (worn)
 w - a +1 pair of gloves (worn)
Jewellery
 e - a ring of positive energy (right hand)
 g - a ring of protection from magic (left hand)
 n - an amulet of magic regeneration (around neck)
 q - an uncursed ring of teleportation
 r - an uncursed ring of resist corrosion
 x - an uncursed amulet of rage
 z - an uncursed ring of positive energy
 J - an uncursed ring of sustain attributes
 K - an uncursed ring of protection from magic
Wands
 j - a wand of flame (48/48)
 D - a wand of digging (1/24)
Scrolls
 i - 2 scrolls of magic mapping
 s - a scroll of enchant armour
 B - 3 scrolls of enchant weapon
 C - a scroll of blinking
 I - a scroll of identify
Potions
 k - a potion of flight
 m - 2 potions of curing
 o - 2 potions of lignification
 A - 2 potions of might
 E - 2 potions of brilliance
 F - a potion of ambrosia
 H - a potion of berserk rage
Books
 y - a Necronomicon

   Spells                             Type                      Level
   a - Haunt                          Necromancy/Summoning         7
   b - Borgnjor's Revivification      Necromancy                   8
   c - Death's Door                   Charms/Necromancy            8
   d - Infestation                    Necromancy                   8
   e - Necromutation                  Transmutation/Necromancy     8
Comestibles
 f - 6 bread rations
 p - 6 beef jerkies
 v - a meat ration
 G - 2 chunks of flesh


   Skills:
 - Level 2.0 Fighting
 * Level 12.8 Long Blades
 - Level 1.7 Throwing
 - Level 2.6 Dodging
 - Level 2.6 Invocations


You had 8 spell levels left.
You didn't know any spells.

Dungeon Overview and Level Annotations

Branches:
Dungeon (8/15)             Temple (0/1) D:7
   Lair: D:8-11

Altars:
Hepliaklqana
Kikubaaqudgha
Okawaru
Pakellas
Qazlal
Trog
Uskayaw
Vehumet

Shops:
D:6 ?   D:7 :=   D:8 [

Annotations:
D:7 Wuag's ghost, novice TrMo


Innate Abilities, Weirdness & Mutations

You have sharp toenails.
A weak demonic guardian rushes to your aid.
You are significantly more attuned to the shadows.


Message History

* * * LOW HITPOINT WARNING * * *
The troll barely misses you. The troll claws you but does no damage.
You are too injured to fight recklessly!
Okay, then.
You feel better.
Your white imp disappears in a puff of smoke!
The troll bites you but does no damage. The troll claws you but does no damage.
The troll claws you!
You hit the troll.
The troll is almost dead.
The troll bites you but does no damage. The troll barely misses you.
The troll claws you but does no damage.
A two-headed ogre comes into view.
It is wielding a dire flail and a giant club.
The two-headed ogre shouts in stereo!
You hit the troll. You claw the troll, but do no damage.
The troll is almost dead.
The troll bites you!
* * * LOW HITPOINT WARNING * * *
The troll claws you!
You die...

.. ######### #.
#........ #.#####
#........
###.....######...#####
......#.#........# #
#O..T@..#....##..+ #
......###....##..# #
.......##........#####
......................
......................
..........#######.....
.......#...# ###.....
♣♣..##....# ♣...†...
♣♣. .♣.♣♣♣ P♣.......


You could see a troll and a two-headed ogre.

Vanquished Creatures
  The ghost of Wuag the Grappler, a novice TrMo of Cheibriados (D:5)
  The ghost of Wuag the Ruffian, an amateur TrMo (D:4)
  2 porcupines (D:8)
  A phantom (D:8)
  2 black bears (D:7)
  A necrophage (D:7)
  3 ogres (D:7)
  2 centaurs
  A crocodile (D:8)
  3 giant frogs
  3 scorpions
  A howler monkey (D:6)
  4 crimson imps
  7 orc wizards
  2 orc priests
  3 hounds
  2 centaur skeletons (D:5)
  A giant frog skeleton (D:8)
  Crazy Yiuf (D:3)
  An iguana (D:7)
  8 worker ants
  A hound skeleton (D:4)
  3 gnolls (D:3)
  18 adders
  A shadow imp (D:8)
  2 oozes (D:1)
  An adder skeleton (D:6)
  5 worms
  10 dart slugs
  3 giant geckos
  38 orcs
  6 bats
  7 giant cockroaches
  3 goblins (D:1)
  8 hobgoblins
  14 jackals
  4 quokkas
  3 ball pythons
  A giant gecko skeleton (D:4)
  4 giant newts
  A jackal skeleton (D:8)
  9 kobolds
  5 rats
197 creatures vanquished.

Vanquished Creatures (collateral kills)
  The ghost of Quilel the Scholar of Death, a novice DENe of Kikubaaqudgha (D:6)
  Prince Ribbit (D:5)
  A hippogriff (D:8)
  An ogre (D:6)
  A centaur (D:7)
  A giant frog (D:7)
  A worker ant (D:7)
  An adder (D:7)
8 creatures vanquished.

Vanquished Creatures (others)
  20 plants
20 creatures vanquished.

Grand Total: 225 creatures vanquished

Notes
Turn   | Place    | Note
-------+----------+-------------------------------------------
     0 | D:1      | pisswolf the Demonspawn Gladiator began the quest for the Orb.
     0 | D:1      | Reached XP level 1. HP: 16/16 MP: 1/1
    25 | D:1      | Reached skill level 3 in Long Blades
    28 | D:1      | Gained mutation: You are slightly more attuned to the shadows. [demonic ancestry]
    28 | D:1      | Reached XP level 2. HP: 13/22 MP: 2/2
   268 | D:1      | Reached XP level 3. HP: 25/27 MP: 3/3
   348 | D:1      | Reached skill level 4 in Long Blades
  1157 | D:2      | Reached XP level 4. HP: 14/33 MP: 4/4
  1596 | D:2      | Found a radiant altar of Vehumet.
  1596 | D:2      | Found an ancient bone altar of Kikubaaqudgha.
  1598 | D:2      | Found a hazy altar of Hepliaklqana.
  2054 | D:3      | Reached skill level 5 in Long Blades
  2112 | D:3      | Gained mutation: You are significantly more attuned to the shadows. [demonic ancestry]
  2112 | D:3      | Reached XP level 5. HP: 38/38 MP: 5/5
  2435 | D:3      | Found a runed door.
  2668 | D:3      | Noticed Crazy Yiuf
  2675 | D:3      | Killed Crazy Yiuf
  2922 | D:4      | Noticed Wuag's ghost (amateur TrMo)
  3228 | D:4      | Reached skill level 6 in Long Blades
  3303 | D:5      | Entered Level 5 of the Dungeon
  3349 | D:5      | Gained mutation: You have sharp toenails. [demonic ancestry]
  3349 | D:5      | Reached XP level 6. HP: 43/44 MP: 6/6
  3945 | D:5      | Reached skill level 7 in Long Blades
  4168 | D:5      | Gained mutation: A weak demonic guardian rushes to your aid. [demonic ancestry]
  4168 | D:5      | Reached XP level 7. HP: 35/50 MP: 7/7
  4784 | D:4      | Noticed a hand axe
  4785 | D:4      | Noticed a dagger
  4788 | D:4      | Found a hide-covered altar of Uskayaw.
  5109 | D:5      | Reached skill level 8 in Long Blades
  5291 | D:5      | Noticed Prince Ribbit
  5313 | D:5      | Killed Prince Ribbit
  5975 | D:5      | Noticed Wuag's ghost (novice TrMo)
  5990 | D:5      | Killed Wuag's ghost
  5990 | D:5      | Reached skill level 9 in Long Blades
  5990 | D:5      | Reached XP level 8. HP: 32/56 MP: 8/8
  6123 | D:4      | Found an oddly glowing altar of Pakellas.
  6300 | D:4      | Killed Wuag's ghost
  6710 | D:6      | Found an iron altar of Okawaru.
  6714 | D:6      | Became a worshipper of Warmaster Okawaru
  6794 | D:6      | Noticed Quilel's ghost (novice DENe)
  6815 | D:6      | Killed Quilel's ghost
  6815 | D:6      | Reached * piety under Okawaru
  6815 | D:6      | Reached skill level 10 in Long Blades
  7141 | D:6      | Found Wuedacyry's Magic Scroll Shoppe.
  7158 | D:6      | Bought a scroll of identify for 26 gold pieces
  7158 | D:6      | Bought a scroll of identify for 26 gold pieces
  7158 | D:6      | Bought a scroll of identify for 26 gold pieces
  7158 | D:6      | Bought a scroll of identify for 26 gold pieces
  7159 | D:6      | Gained mutation: Scrolls take you a little longer to read. [potion of mutation]
  7159 | D:6      | Gained mutation: You are clumsy. (Dex -2) [potion of mutation]
  7159 | D:6      | Gained mutation: You have a pair of small horns on your head. [potion of mutation]
  7160 | D:6      | Lost mutation: You are clumsy. (Dex -2) [potion of cure mutation]
  7160 | D:6      | Lost mutation: You have a pair of small horns on your head. [potion of cure mutation]
  7160 | D:6      | Lost mutation: Scrolls take you a little longer to read. [potion of cure mutation]
  7740 | D:6      | Reached XP level 9. HP: 27/61 MP: 11/11
  7924 | D:7      | Reached skill level 11 in Long Blades
  8279 | D:7      | Noticed Wuag's ghost (novice TrMo)
  8294 | D:7      | Found a stormy altar of Qazlal.
  8760 | D:7      | Found a bloodstained altar of Trog.
  8779 | D:7      | Reached ** piety under Okawaru
  9111 | D:7      | Found a staircase to the Ecumenical Temple.
  9125 | D:7      | Found Aptoatzo's Jewellery Emporium.
  9214 | D:7      | Found Morucoe's Book Emporium.
 10106 | D:7      | Reached skill level 12 in Long Blades
 10228 | D:8      | Found Cidaeci's Armour Shoppe.
 11705 | D:8      | Noticed a troll
 11716 | D:8      | Slain by a troll

Vault maps used:
D:1:      minmay_arrival_stair_chambers, minmay_cupped
D:2:      gammafunk_temple_overflow_forgotten
D:3:      kennysheep_minor_cross, uniq_crazy_yiuf_cottage
D:4:      kennysheep_slugbush, dancing_weapons_uskayaw, first_bread,
          johnstein_pakellas_dig
D:5:      guppyfry_early_lair_pool, uniq_prince_ribbit1
D:6:      kennysheep_mini_moat, serial_shops, shop_statue
D:7:      trog_ov_bears_minmay, serial_shops, nicolae_shop_trees, shop,
          grunt_ogre_cave, nicolae_qazlal_style_of_elements
D:8:      wad_woods_tower, serial_shops, shop_fountains, serial_aquarium,
          aquarium_bridge_square, aquarium_window_2, aquarium_window_1,
          aquarium_view_2g, kb_xom_exploding_sheep

Skill      XL: |  1  2  3  4  5  6  7  8  9 |
---------------+----------------------------+-----
Long Blades    | 3 4 5 6 7 9 10 12 | 12.8
Invocations    | 2 |  2.6
Fighting       | |  2.0
Throwing       | |  1.7
Dodging        | |  2.6

Action                   |  1- 3 |  4- 6 |  7- 9 || total
-------------------------+-------+-------+-------++-------
Melee: Long sword        |   140 |   237 |   640 ||  1017
       Kick              |       |    15 |   179 ||   194
Throw: Throwing net      |       |       |     1 ||     1
  Use: Scroll            |       |    14 |     6 ||    20
       Potion            |       |     9 |     5 ||    14
 Stab: Sleeping          |     3 |     1 |       ||     4
       Distracted        |       |       |     3 ||     3
  Eat: Chunk             |     1 |     1 |    10 ||    12
       Meat ration       |       |     1 |       ||     1
       Pizza             |       |     1 |       ||     1
       Bread ration      |       |     1 |     1 ||     2
       Beef jerky        |       |       |     3 ||     3
       Fruit             |       |       |     6 ||     6
Armor: Leather armour    |    37 |     5 |       ||    42
       Scale mail        |       |    12 |       ||    12
       Chain mail        |       |    95 |   278 ||   373
       Skin              |       |     6 |       ||     6
Dodge: Dodged            |    75 |    76 |   179 ||   330
